AoeStats
← Noakin

Arabia

506637647Analyzed
1v1 RM · 19d ago on Sep 14, 2026· 53m 24s· 2 players
Game mode
Random Map
Map size
Tiny (2 player)
Population
200
Speed
Normal
Resources
Standard
Victory
Conquest
Starting age
Dark Age
Ending age
Imperial Age
RankedLock teamsTeams togetherTeam positionsShared explorationLock speedFull tech treeHidden civsTurbo modeCheats
Victory
Defeat
🇫🇷 Vikings · France
704
+14
🇪🇸 Britons · Spain
666
-14
javizambrana82
5:30 Loom
9:25 Feudal Age
10:19 Double-Bit Axe
10:17 Horse Collar
14:03 Town Watch
16:28 Wheelbarrow
20:35 Castle Age
19:17 Gold Mining
19:27 Stone Mining
22:05 Bow Saw
22:32 Gold Shaft Mining
22:01 Heavy Plow
25:05 Fletching
25:15 Padded Archer Armor
27:50 Ballistics
31:49 Imperial Age
30:12 Leather Archer Armor
30:26 Pikeman
31:07 Squires
30:35 Elite Skirmisher
31:13 Bodkin Arrow
31:22 Scale Mail Armor
31:43 Forging
32:24 Yeomen
33:37 Conscription
34:11 Bracer
34:49 Ring Archer Armor
35:50 Elite Longbowman
37:58 Warwolf
42:39 Hand Cart
44:47 Light Cavalry
45:28 Husbandry
45:37 Scale Barding Armor
46:09 Iron Casting
Noakin
9:51 Loom
12:46 Feudal Age
13:12 Double-Bit Axe
13:10 Horse Collar
19:31 Castle Age
18:21 Gold Mining
18:24 Stone Mining
18:30 Fletching
20:10 Padded Archer Armor
20:58 Bodkin Arrow
21:21 Bow Saw
20:50 Elite Skirmisher
24:23 Gold Shaft Mining
24:17 Leather Archer Armor
24:11 Heavy Plow
24:28 Squires
27:44 Town Watch
29:17 Ballistics
30:44 Chieftains
31:58 Forging
31:51 Scale Mail Armor
35:02 Imperial Age
33:11 Town Patrol
33:21 Town Patrol
36:36 Conscription
37:59 Chemistry
38:53 Ring Archer Armor
38:26 Bracer
38:57 Ring Archer Armor
38:17 Light Cavalry
41:46 Cavalier
42:35 Scale Barding Armor
43:06 Iron Casting
43:26 Bogsveigar
45:34 Chain Barding Armor
46:19 Blast Furnace
48:54 Chain Barding Armor
48:40 Elite Berserk
50:16 Hoardings
52:21 Chieftains
Connection lost

Rejoining the realm…

Still unreachable

The connection could not be restored.

Session expired

The server has moved on; the page needs a fresh start.